 Dungeon Crawl Stone Soup version 0.28-a0-390-gb254ac4902 (webtiles) character file.

Game seed: 16069997753024115877

5568 dolemite99 the Carver (level 10, -2/141 HPs)
             Began as a Minotaur Fighter on Sept 4, 2021.
             Was a Believer of Uskayaw.
             Killed from afar by a frost giant (39 damage)
             ... with a bolt of cold
             ... on level 10 of the Dungeon.
             The game lasted 00:11:17 (11296 turns).

dolemite99 the Carver (Minotaur Fighter)           Turns: 11296, Time: 00:11:18

Health: -2/141     AC: 13    Str: 25    XL:     10   Next: 44%
Magic:  9/9        EV:  8    Int: 11    God:    Uskayaw [**....]
Gold:   463        SH:  5    Dex: 15    Spells: 9/9 levels left

rFire   . . .      SeeInvis .   a - +2 long sword
rCold   . . .      Faith    .   c - +0 buckler
rNeg    . . .      Spirit   .   C - +0 chain mail
rPois   .          Reflect  .   W - +2 hat
rElec   .          Harm     .   (no cloak)
rCorr   .          Rampage  .   l - +0 pair of gloves
Will    .....                   P - +0 pair of boots
Stlth   ..........              (no amulet)
HPRegen 0.33/turn               e - +6 ring of dexterity
MPRegen 0.11/turn               T - +6 ring of intelligence

@: mighty, berserking, very quick
A: horns 2, retaliatory headbutt
a: Renounce Religion, Stomp, Line Pass


You were on level 10 of the Dungeon.
You worshipped Uskayaw.
Uskayaw was noncommittal.
You visited 1 branch of the dungeon, and saw 10 of its levels.

You collected 463 gold pieces.

Inventory:

Hand Weapons
 a - a +2 long sword (weapon)
 b - a +2 hunting sling of flaming
 J - a +2 short sword of draining
 L - a +0 shortbow
 M - a +1 hunting sling of freezing
 U - the +1 hunting sling of Diet Blood {venom, *Slow Will+++ Str+6}
   (You found it on level 9 of the Dungeon)

   Any ammunition fired from it poisons the flesh of those it strikes.
   Str:       It affects your strength (+6).
   *Slow:     It may slow you when you take damage.
   Will:      It greatly increases your willpower.
Missiles
 d - 7 datura-tipped darts
 g - 156 arrows
 i - 5 atropa-tipped darts
 r - 28 poisoned darts (quivered)
 u - 11 boomerangs
 x - 205 stones
 y - 4 javelins
 K - 10 sling bullets
 N - a curare-tipped dart
Armour
 c - a +0 buckler (worn)
 l - a +0 pair of gloves (worn)
 z - a scarf of repulsion
 C - a +0 chain mail (worn)
 O - the +0 chain mail "Qusaqas" {Harm rF+ Dex+3}
   (You found it on level 8 of the Dungeon)

   Dex:       It affects your dexterity (+3).
   rF:        It protects you from fire.
   Harm:      It increases damage dealt and taken.
 P - a +0 pair of boots (worn)
 W - a +2 hat (worn)
Magical Staves
 D - a staff of air
 H - a staff of cold
Jewellery
 e - a +6 ring of dexterity (left hand)
 k - a ring of ice
 m - an amulet of magic regeneration
 A - a ring of magical power
 E - a ring of flight
 T - a +6 ring of intelligence (right hand)
Wands
 o - a wand of polymorph (9)
 R - a wand of iceblast (2)
Scrolls
 h - a scroll of fog {unknown}
 j - 2 scrolls of magic mapping
 n - a scroll of noise {unknown}
 q - 2 scrolls of teleportation {unknown}
 v - a scroll of enchant armour {unknown}
 F - a scroll of fear
 Q - a scroll of immolation {unknown}
Potions
 f - 2 potions of lignification
 p - a potion of ambrosia
 s - 3 potions of heal wounds
 t - 4 potions of curing
 B - 2 potions of magic
 G - a potion of might
 I - a potion of haste {unknown}
 S - a potion of mutation {unknown}
 V - a potion of degeneration {unknown}


   Skills:
 + Level 10.8 Fighting
 - Level 13.9 Long Blades
 - Level 5.3 Slings
 - Level 3.6 Armour
 - Level 3.6 Shields


You had 9 spell levels left.
You didn't know any spells.
Your spell library contained the following spells:

 Spells                   Type           Power      Damage    Failure   Level
 Corona                   Hex            0%         N/A       94%         1
 Foxfire                  Conj/Fire      0%         2x1d4     94%         1
 Corpse Rot               Necr/Air       N/A        N/A       98%         2
 Ensorcelled Hibernation  Hex/Ice        0%         N/A       98%         2
 Conjure Flame            Conj/Fire      0%         6-21      100%        3
 Inner Flame              Hex/Fire       0%         N/A       100%        3
 Tukima's Dance           Hex            0%         N/A       100%        3
 Dispel Undead            Necr           0%         3d6       100%        4
 Flame Wave               Conj/Fire      0%         3d3       100%        4
 Death Channel            Necr           0%         N/A       100%        6


Dungeon Overview and Level Annotations

Branches:
Dungeon (10/15)            Temple (0/1) D:4
   Lair: D:8-11         Orc: D:9-12

Altars:
Ashenzari
Fedhas
Qazlal
Ru
Sif Muna
Uskayaw
Vehumet
Xom

Shops:
D:8 (

Annotations:
D:4 exclusion: oklob plant


Innate Abilities, Weirdness & Mutations

You have a pair of horns on your head.
You reflexively headbutt those who attack you in melee.


Message History

b - a +2 hunting sling of flaming (weapon)
r - 28 poisoned darts (gained 1)
You start resting.
You can no longer pass through a line of other dancers.
A frost giant is nearby!
The frost giant shouts!
You see here a poisoned dart.
Okay, then.
Your +2 hunting sling of flaming stops flaming.
a - a +2 long sword (weapon)
A red film seems to cover your vision as you go berserk!
You feel yourself moving faster!
You feel mighty!
You hit the frost giant but do no damage.
You headbutt the frost giant, but do no damage.
The frost giant points at you and mumbles some strange words.
The bolt of cold hits you!!!
You slash the frost giant! You headbutt the frost giant.
The frost giant is lightly wounded.
You slash the frost giant!
The frost giant is moderately wounded.
You hit the frost giant but do no damage.
The frost giant is moderately wounded.
The frost giant points at you and mumbles some strange words.
The bolt of cold hits you but does no damage.
You slice the frost giant!! You headbutt the frost giant!
The frost giant is severely wounded.
You can now pass through a line of other dancers.
You barely miss the frost giant.
You headbutt the frost giant, but do no damage.
The frost giant is severely wounded.
The frost giant points at you and mumbles some strange words.
The bolt of cold hits you!!
* * * LOW HITPOINT WARNING * * *
You slash the frost giant! Your headbutt misses the frost giant.
The frost giant is severely wounded.
You hit the frost giant. You headbutt the frost giant!
The frost giant is almost dead.
The frost giant casts a spell at you. The bolt of cold hits you!!!
You die...

#.##.####...###### .
#.....†.†#.# ..
###.####.#.# ...
#...÷..#.. #.. ###.#######
#.. #.....#...
k.#...#.###.#..#########.#
=Yh.(...#..(#...)))......#
..#...###....C@.†)<...#
#... ...#####.#####.# #(!.
#... ....# #.### .C.# #.#
..# #.# ..# ###


You could see a frost giant.

Vanquished Creatures
  A two-headed ogre (D:9)
  An orc knight (D:10)
  Joseph (D:7)
  2 rime drakes (D:10)
  A troll (D:9)
  A polar bear (D:10)
  A hornet (D:9)
  Sigmund (D:4)
  Edmund (D:4)
  An acid dragon (D:9)
  3 water moccasins
  An orc warrior (D:10)
  3 black bears
  An ice beast (D:10)
  An ogre (D:5)
  2 centaurs
  A kobold brigand (D:8)
  4 bullfrogs
  A scorpion (D:4)
  A water moccasin zombie (D:5)
  A wyvern zombie (D:7)
  4 howler monkeys
  7 centaur zombies
  3 hounds
  3 jellies
  An orc priest (D:9)
  3 centaur skeletons
  3 bullfrog skeletons
  Jessica (D:2)
  5 iguanas
  An orc wizard (D:9)
  A killer bee zombie (D:7)
  A hound skeleton (D:5)
  2 howler monkey zombies
  8 adders
  A shadow imp (D:6)
  An ufetubus (D:5)
  An adder skeleton (D:4)
  2 worms (D:2)
  13 orcs
  3 bats
  11 endoplasms
  A giant cockroach (D:2)
  4 goblins
  7 hobgoblins
  4 jackals (D:1)
  13 kobolds
  A quokka (D:2)
  7 ball pythons
  3 frilled lizards
  7 rats
152 creatures vanquished.

Vanquished Creatures (others)
  21 fungi (D:10)
  17 plants
38 creatures vanquished.

Grand Total: 190 creatures vanquished

Notes
Turn   | Place    | Note
-------+----------+-------------------------------------------
     0 | D:1      | dolemite99 the Minotaur Fighter began the quest for the
                  | Orb.
     0 | D:1      | Reached XP level 1. HP: 19/19 MP: 0/0
   271 | D:1      | Reached skill level 3 in Long Blades
   316 | D:1      | Found a faded altar of an unknown god.
   387 | D:1      | Became a worshipper of Uskayaw the Reveller
   387 | D:1      | Reached * piety under Uskayaw
   395 | D:1      | Reached XP level 2. HP: 26/26 MP: 1/1
   575 | D:1      | Reached ** piety under Uskayaw
   641 | D:1      | Reached *** piety under Uskayaw
   770 | D:1      | Reached skill level 4 in Long Blades
  1306 | D:2      | Reached XP level 3. HP: 31/31 MP: 2/2
  1505 | D:2      | Noticed Jessica
  1523 | D:2      | Killed Jessica
  1524 | D:2      | Reached skill level 5 in Long Blades
  1669 | D:2      | Reached XP level 4. HP: 39/39 MP: 3/3
  2840 | D:3      | Reached skill level 6 in Long Blades
  3448 | D:4      | Noticed Sigmund
  3834 | D:4      | Noticed a scorpion
  3839 | D:4      | Killed a scorpion
  3840 | D:4      | Reached XP level 5. HP: 40/45 MP: 4/4
  3855 | D:5      | Entered Level 5 of the Dungeon
  3865 | D:5      | Reached skill level 7 in Long Blades
  3870 | D:5      | Noticed a water moccasin
  3881 | D:5      | Killed a water moccasin
  3882 | D:5      | Reached XP level 6. HP: 24/51 MP: 5/5
  4399 | D:5      | Reached skill level 8 in Long Blades
  4438 | D:5      | Reached skill level 9 in Long Blades
  4538 | D:5      | Reached XP level 7. HP: 57/57 MP: 6/6
  4851 | D:5      | Reached skill level 10 in Long Blades
  5213 | D:4      | Killed Sigmund
  5214 | D:4      | Reached skill level 11 in Long Blades
  5308 | D:4      | Found a radiant altar of Vehumet.
  5323 | D:4      | Found a stormy altar of Qazlal.
  5394 | D:4      | Found a shimmering blue altar of Sif Muna.
  5486 | D:4      | Found a staircase to the Ecumenical Temple.
  5549 | D:4      | Found a sacrificial altar of Ru.
  5590 | D:4      | Found a blossoming altar of Fedhas.
  5612 | D:4      | Noticed an oklob plant
  5690 | D:4      | Found a shimmering altar of Xom.
  5704 | D:4      | Found a broken altar of Ashenzari.
  5793 | D:4      | Noticed Edmund
  5808 | D:4      | Killed Edmund
  5809 | D:4      | Reached XP level 8. HP: 46/64 MP: 7/7
  6413 | D:6      | Reached skill level 12 in Long Blades
  6641 | D:6      | Found a hide-covered altar of Uskayaw.
  7036 | D:7      | Noticed Joseph
  7051 | D:7      | Killed Joseph
  7052 | D:7      | Reached skill level 13 in Long Blades
  7253 | D:7      | Reached XP level 9. HP: 67/70 MP: 8/8
  7728 | D:7      | Reached skill level 1 in Slings
  8742 | D:8      | Identified the +0 chain mail "Qusaqas" {Harm rF+ Dex+3}
  9134 | D:8      | Found Obloviu's Weapon Shop.
  9529 | D:9      | Noticed a troll
  9540 | D:9      | Killed a troll
  9541 | D:9      | Reached skill level 5 in Slings
  9686 | D:9      | Identified the +1 hunting sling of Diet Blood {venom, *Slow
                  | Will+++ Str+6}
  9848 | D:9      | Reached skill level 5 in Fighting
 10223 | D:9      | Noticed a two-headed ogre
 10227 | D:9      | Killed a two-headed ogre
 10348 | D:9      | Paralysed by a hornet for 1 turns
 10350 | D:9      | Reached XP level 10. HP: 85/89 MP: 9/9
 10618 | D:10     | Entered Level 10 of the Dungeon
 10682 | D:10     | Reached **** piety under Uskayaw
 10919 | D:10     | Identified the +10 battleaxe "Guji" {freeze, *Noise +Rage
                  | rPois Dex+3}
 10919 | D:10     | Noticed a frost giant
 11241 | D:10     | Noticed an orc knight
 11250 | D:10     | Killed an orc knight
 11251 | D:10     | Reached skill level 10 in Fighting
 11296 | D:10     | Killed from afar by a frost giant

Illustrated notes

Levels and vault maps discovered:
D:1:      evilmike_arrival_rings, layout_basic,
          shapermc_ecumenical_altar_starsandcircs,
          corexii_item_surrounded_by_moat, st_stairs_11
D:2:      layout_loops_ring, uniq_jessica
D:3:      layout_loops_ring
D:4:      layout_rooms, mainiacjoe_overflow_alcove_1, tgw_fedhas,
          old_standard_altar, nicolae_overflow_quartered_altars,
          minmay_temple_entry_water_ring, sigmund_edmund_badplayer, uniq_edmund
D:5:      layout_loops_ring
D:6:      layout_loops_cross, lemuel_round_altar
D:7:      layout_loops_ring, roderic_serpentine_path, uniq_joseph
D:8:      layout_loops_ring, serial_shops, shop
D:9:      layout_basic
D:10:     minmay_coctagon, layout_loops_ring, nzn_wu_jian_contemplation,
          grunt_lair_entry_orc_guard_hut

Skill      XL: |  1  2  3  4  5  6  7  8  9 10 |
---------------+-------------------------------+-----
Long Blades    | 3 4 5 6 7 9 11 13 | 13.9
Slings         | 5 |  5.3
Fighting       | 8 10 | 10.8
Armour         | |  3.6
Shields        | |  3.6

Action                   |  1- 3 |  4- 6 |  7- 9 | 10-12 || total
-------------------------+-------+-------+-------+-------++-------
Melee: Long sword        |    64 |    38 |    35 |    12 ||   149
       Headbutt          |     5 |    14 |    52 |     5 ||    76
       Short sword       |       |    39 |   127 |     7 ||   173
 Fire: Hunting sling     |       |       |    89 |    39 ||   128
Throw: Dart              |    48 |    40 |    17 |     6 ||   111
Evoke: Wand              |       |       |     3 |     3 ||     6
  Use: Scroll            |       |     3 |    11 |     1 ||    15
       Potion            |       |       |     3 |     2 ||     5
 Stab: Invisible         |     3 |       |       |       ||     3
       Paralysed         |       |     2 |     3 |     2 ||     7
Armor: Scale mail        |    16 |    38 |       |       ||    54
       Chain mail        |       |       |    86 |    16 ||   102
Dodge: Dodged            |    24 |    27 |    70 |    11 ||   132
Block: Buckler           |    13 |    17 |    44 |     9 ||    83

Table legend: (Time is in decaauts)
 A = Elapsed time spent in this place.
 B = Non-inter-level travel time spent in this place.
 C = Inter-level travel time spent in this place.
 D = Time resting spent in this place.
 E = Time spent auto-exploring this place.
 F = Levels seen in this place.
 G = Mean time per level.
                   A        B        C        D        E       F      G
               +--------+--------+--------+--------+--------+-----+--------+
         Total |  11266 |  10846 |    420 |   3172 |   5907 |  10 | 1126.6 |
       Dungeon |  11266 |  10846 |    420 |   3172 |   5907 |  10 | 1126.6 |
               +--------+--------+--------+--------+--------+-----+--------+

Top non-repeatable levels by time:
     D:5: 1569 daAuts
     D:7: 1521 daAuts
     D:3: 1432 daAuts
     D:9: 1386 daAuts
     D:1: 1312 daAuts
     D:4: 1205 daAuts
     D:8: 961 daAuts
     D:2: 786 daAuts
     D:6: 684 daAuts
    D:10: 406 daAuts
